 Dungeon Crawl Stone Soup version 0.25-a0-166-g16436c4 (webtiles) character file.

Game seed: 633426037488573838, levelgen mode: deterministic

1547 Burgerman5000 the Nimble (level 8, 0/62 HPs)
             Began as a Merfolk Gladiator on Nov 24, 2019.
             Slain by a troll (9 damage)
             ... on level 6 of the Dungeon.
             The game lasted 00:15:38 (6977 turns).

Burgerman5000 the Nimble (Merfolk Gladiator)        Turns: 6977, Time: 00:15:39

Health: 0/62       AC:  8    Str: 16    XL:     8   Next: 87%
Magic:  9/9        EV: 16    Int:  8    God:
Gold:   304        SH:  0    Dex: 15    Spells: 7/8 levels left

rFire    . . .     SeeInvis .   b - +2 dagger (venom)
rCold    . . .     Gourm    .   (no shield)
rNeg     . . .     Faith    .   g - +0 ring mail
rPois    +         Spirit   .   c - +0 helmet
rElec    .         Reflect  .   (no cloak)
rCorr    .         Harm     .   (no gloves)
MR       .....                  w - +0 pair of boots
Stlth    ++........             (no amulet)
HPRegen  0.20/turn              u - ring of poison resistance
MPRegen  0.11/turn              (no ring)

@: no status effects
A: change form in water, swift swim, stealthy swim
a: no special abilities


You were on level 6 of the Dungeon.
You were not hungry.

You visited 1 branch of the dungeon, and saw 6 of its levels.

You collected 304 gold pieces.

Inventory:

Hand Weapons
 a - a +0 trident
 b - a +2 dagger of venom (weapon)
 h - a +4 dagger of holy wrath
 C - a +1 short sword of draining
Missiles
 d - 2 throwing nets (quivered)
Armour
 c - a +0 helmet (worn)
 g - a +0 ring mail (worn)
 n - a +0 leather armour
 w - a +0 pair of boots (worn)
Jewellery
 u - a ring of poison resistance (left hand)
Wands
 t - a wand of random effects (18)
 x - a wand of flame (1)
 y - a wand of digging (6)
Scrolls
 e - 7 scrolls of identify
 l - 4 scrolls of remove curse
 r - a scroll of enchant weapon
 v - a scroll of teleportation {unknown}
Potions
 i - 5 potions of curing
 j - a potion of brilliance {unknown}
 k - a potion of haste {unknown}
 m - 2 potions of lignification {unknown}
 o - 2 potions of agility {unknown}
 p - a potion of flight {unknown}
 q - a potion of mutation {unknown}
 s - a potion of heal wounds {unknown}
 A - a potion of cancellation {unknown}
Comestibles
 f - 11 rations


   Skills:
 + Level 5.0 Fighting
 + Level 2.9 Short Blades
 - Level 7.6 Polearms
 - Level 2.0 Throwing
 * Level 4.3 Armour
 + Level 8.1 Dodging
 + Level 2.8 Stealth
 + Level 0.7 Spellcasting
 + Level 0.7 Hexes


You had 7 spell levels left.
You knew the following spells:

 Your Spells              Type           Power        Failure   Level  Hunger
a - Confusing Touch       Hex            #.....       50%         1    ##.....

Your spell library contained the following spells:

 Spells                   Type           Power        Failure   Level  Hunger
 Animate Skeleton         Necr           N/A          58%         1    ##.....
 Apportation              Tloc           #.....       58%         1    ##.....
 Beastly Appendage        Tmut           #.....       58%         1    ##.....
 Summon Small Mammal      Summ           #...         58%         1    ##.....
 Sticks to Snakes         Tmut           #.......     73%         2    ###....
 Spider Form              Tmut/Pois      #.........   91%         3    ####...
 Ice Form                 Ice/Tmut       #.......     100%        4    #####..
 Blade Hands              Tmut           #.........   100%        5    ######.


Dungeon Overview and Level Annotations

Branches:
Dungeon (6/15)
 Temple: D:4-7

Altars:
Vehumet

Shops:
D:4 [*(


Message History

Evoke which item? (* to show all) (? for menu, Esc to quit)
Aiming: Throw Flame Butts: ? - help, Shift-Butt - straight butt, f/p - troll
Aim: a butt (severely wounded)
The puff of flame butts the troll.
The troll is severely wounded.
The troll bites you! The troll claws you but does no damage.
The troll misses you.
You hit the troll but do no damage.
The troll is poisoned.
The troll is severely wounded.
The troll barely misses you. The troll butt-ly misses you. The troll claws you.
You hit the troll.
The troll looks as sick as possible!
The troll is almost dead.
The troll bites you! The troll claws you! The troll butts you.
You hit the troll but do no damage.
The troll looks as sick as possible!
The troll is almost dead.
The troll bites you!
* * * LOW HITPOINT WARNING * * *
The troll claws you!
You die...

o.T..o.#######################..#
######<.## #...# #..#
######...### #...#### #####..#
...........## #.....^# #......)
###+####....## #...##.####≈....##
##....#####.##....#≈≈?..#
###.##...###...><..#8≈.#.##
##.#.# ##.T.#####...#≈≈.#..#
##..#h# #@# #.#.#≈.....# ##...'.#
#.## ##.#.#..###.. ####....#.#
#..# #.....######. ..#.....#.#
##.# #.##.....###. ..#....##.#
#.###.###.##..##. $.'...###.##
#.....# #..##.... ..#..##
#..##########.####.####.. ..#.##
#.......#####..###..####. #####
#...........#...###......


You could see a troll.

Vanquished Creatures
  Sigmund (D:4)
  Menkaure (D:6)
  2 ice beasts (D:5)
  A phantom (D:5)
  3 ogres
  2 bullfrogs (D:6)
  3 orc priests
  2 bullfrog skeletons
  A hound (D:5)
  A centaur skeleton (D:4)
  Natasha (thrice) (D:4)
  3 orc wizards
  4 worker ants
  6 adders
  An ooze (D:4)
  A worm (D:4)
  2 dart slugs
  4 leopard geckos
  20 orcs
  5 bats
  7 giant cockroaches
  6 goblins
  5 hobgoblins
  2 jackals
  A ball python (D:2)
  2 frilled lizards
  4 kobolds (D:1)
  A leopard gecko skeleton (D:4)
  9 rats
103 creatures vanquished.

Vanquished Creatures (others)
  A plant (D:4)
1 creature vanquished.

Grand Total: 104 creatures vanquished

Notes
Turn   | Place    | Note
-------+----------+-------------------------------------------
     0 | D:1      | Burgerman5000 the Merfolk Gladiator began the quest for the
                  | Orb.
     0 | D:1      | Reached XP level 1. HP: 16/16 MP: 1/1
    87 | D:1      | Reached XP level 2. HP: 22/22 MP: 2/2
   451 | D:1      | Reached skill level 5 in Polearms
   529 | D:1      | Reached XP level 3. HP: 28/28 MP: 3/3
  1724 | D:3      | Reached skill level 1 in Armour
  1724 | D:3      | Reached skill level 5 in Dodging
  1724 | D:3      | Reached XP level 4. HP: 24/34 MP: 4/4
  1875 | D:3      | Learned a level 1 spell: Confusing Touch
  2646 | D:4      | Found Misycawe's Assorted Antiques.
  2770 | D:4      | Reached XP level 5. HP: 17/40 MP: 5/5
  3226 | D:4      | Found Patruem's Weapon Shoppe.
  3375 | D:4      | Found a radiant altar of Vehumet.
  3381 | D:4      | Reached XP level 6. HP: 45/47 MP: 6/6
  3438 | D:4      | Reached skill level 6 in Dodging
  3454 | D:4      | Noticed Natasha
  3465 | D:4      | Killed Natasha
  3482 | D:4      | Noticed Natasha
  3490 | D:4      | Killed Natasha
  3605 | D:4      | Found Iblookidd's Armour Shoppe.
  3615 | D:4      | Noticed Natasha
  3628 | D:4      | Killed Natasha
  4332 | D:4      | Noticed Sigmund
  4485 | D:4      | Killed Sigmund
  4485 | D:4      | Reached skill level 7 in Dodging
  4485 | D:4      | Reached XP level 7. HP: 34/53 MP: 7/7
  4598 | D:5      | Entered Level 5 of the Dungeon
  4951 | D:5      | Reached skill level 1 in Short Blades
  4951 | D:5      | Reached skill level 1 in Stealth
  5148 | D:5      | Reached XP level 8. HP: 51/61 MP: 8/8
  5919 | D:6      | Noticed Menkaure
  5930 | D:6      | Killed Menkaure
  6318 | D:6      | Reached skill level 8 in Dodging
  6334 | D:6      | Noticed a troll
  6706 | D:5      | Reached skill level 5 in Fighting
  6977 | D:6      | Slain by a troll

Levels and vault maps discovered:
D:1:      zaba_arrival_water, layout_loops_ring, grunt_decor_mini_mirrors
D:2:      layout_loops_corners, skrybe_limestone_x
D:3:      layout_loops_corners, first_ration
D:4:      layout_basic, vehumet_crystals, serial_shops, nicolae_shop_stone,
          kennysheep_mini_moat, nicolae_shop_window_shopping, serial_forest,
          infiniplex_forest_zigzag_1, infiniplex_forest_end_3,
          infiniplex_forest_clump_small, infiniplex_forest_end_2,
          infiniplex_forest_lined_3, infiniplex_forest_lined_room_3,
          infiniplex_forest_clump_small, infiniplex_forest_clump_C,
          infiniplex_forest_straight_2, minmay_starry_boxes, uniq_sigmund,
          uniq_natasha
D:5:      layout_loops_corners, kennysheep_potato
D:6:      layout_rooms, moated_statue, chequers_serial_rivers_micro_e,
          minmay_quadrilaterals, uniq_menkaure

Skill      XL: |  1  2  3  4  5  6  7  8 |
---------------+-------------------------+-----
Polearms       | 5 6 7 |  7.6
Armour         | 1 2 3 4 |  4.3
Dodging        | 5 7 8 |  8.1
Fighting       | 3 4 5 |  5.0
Short Blades   | 1 2 |  2.9
Stealth        | 1 2 |  2.8
Throwing       | |  2.0
Spellcasting   | |  0.7
Hexes          | |  0.7

Action                   |  1- 3 |  4- 6 |  7- 9 || total
-------------------------+-------+-------+-------++-------
Melee: Trident           |    81 |       |       ||    81
       Dagger            |    44 |   159 |   176 ||   379
       Tailslap          |       |       |     3 ||     3
Throw: Throwing net      |       |     2 |       ||     2
Evoke: Wand              |       |       |    26 ||    26
  Use: Scroll            |       |     7 |     3 ||    10
 Stab: Sleeping          |     5 |       |     1 ||     6
       Held in net/web   |       |     1 |       ||     1
  Eat: Chunk             |     3 |     5 |     3 ||    11
       Ration            |       |     1 |     2 ||     3
Armor: Leather armour    |    20 |     1 |       ||    21
       Ring mail         |       |    33 |    31 ||    64
Dodge: Dodged            |    47 |    97 |   124 ||   268

Table legend:
 A = Non-vault XP
 B = Vault XP
 C = Vault XP percentage of total XP
 D = Non-vault monster count
 E = Vault monster count
 F = Vault count percentage of total count
                 A         B        C        D         E       F
            +---------+---------+-------+---------+---------+-------
      Total |    1632 |     579 |  26.2 |      97 |       6 |   5.8
            +---------+---------+-------+---------+---------+-------
        D:1 |      35 |       0 |   0.0 |      20 |       0 |   0.0
        D:2 |      29 |       0 |   0.0 |      17 |       0 |   0.0
        D:3 |      94 |       0 |   0.0 |      12 |       0 |   0.0
        D:4 |     359 |     314 |  46.7 |      22 |       4 |  15.4
        D:5 |     857 |       0 |   0.0 |      15 |       0 |   0.0
        D:6 |     258 |     265 |  50.7 |      11 |       2 |  15.4
            +---------+---------+-------+---------+---------+-------
